 Dungeon Sprint DCSS version 0.30-a0-802-gb92711bcdf (webtiles) character file.

Game seed: 3881880493151339933

5965 sircluck the Severer (level 10, -10/102 HPs)
             Began as a Hill Orc Fighter on Feb 23, 2023.
             Was a Believer of Beogh.
             Succumbed to an ushabti's dark miasma
             ... in the Dungeon (Sprint V: "Ziggurat Sprint").
             The game lasted 00:07:46 (479 turns).

sircluck the Severer (Hill Orc Fighter)              Turns: 479, Time: 00:07:46

Health: -10/102    AC: 33    Str: 36    XL:     10   Next: 84%
Magic:  4/10       EV:  2    Int:  8    God:    Beogh [**....]
Gold:   0          SH: 30    Dex: 10    Spells: 9/9 levels left

rFire   . . .      SeeInvis +    L - +16 obsidian axe {drain, demonic, Mesm Drain Fly SInv}
rCold   . . .      Faith    .    N - +18 shield of the Gong {Loud rN+ Will+ rCorr EV-5}
rNeg    + . .      Spirit   +    M - +15 Maxwell's patent armour {-Cast -Tele rElec Will+ rCorr}
rPois   .          Reflect  .    (no helmet)
rElec   +          Harm     .    (no cloak)
rCorr   +          Rampage  .    X - +2 pair of gloves {Stlth+}
Will    ++...      NoTele   +    (no boots) Stlth NoCast +
                                 O - amulet of guardian spirit
HPRegen 0.37/turn                I - +6 ring of strength
MPRegen 0.12/turn                J - +6 ring of strength

@: lethally poisoned (-10 -> -66), flayed, flying, mesmerised, slowed, very slow
A: no striking features
a: Renounce Religion, Smiting


You were in the Dungeon.
You worshipped Beogh.
Beogh was pleased with you.
You visited 1 branch

Inventory:

Hand Weapons
 a - a +0 war axe
 p - a +5 battleaxe
 q - a +5 broad axe
 r - a +5 executioner's axe
 s - a +5 triple crossbow
 L - the +16 obsidian axe (weapon) {drain, demonic, Mesm Drain Fly SInv}
   (You found it in the Dungeon)

   Mesm:      Its wielder is mesmerised by any visible foes, and it cannot be
   unequipped while any foes are visible.
   SInv:      It lets you see invisible.
   Fly:       It grants you flight.
   Drain:     It drains your maximum health when unequipped.
Armour
 b - a +0 scale mail
 c - a +0 buckler
 k - a +5 crystal plate armour
 l - +5 fire dragon scales
 m - +5 gold dragon scales
 n - +5 ice dragon scales
 o - a +3 tower shield
 M - the +15 Maxwell's patent armour (worn) {-Cast -Tele rElec Will+ rCorr}
   (You found it in the Dungeon)

   rElec:     It insulates you from electricity.
   -Cast:     It prevents spellcasting.
   -Tele:     It prevents most forms of teleportation.
   rCorr:     It protects you from acid and corrosion.
   Will:      It increases your willpower.
 N - the +18 shield of the Gong (worn) {Loud rN+ Will+ rCorr EV-5}
   (You found it in the Dungeon)

   Loud:      It is deafeningly noisy when blocking attacks.
   EV:        It affects your evasion (-5).
   rN:        It protects you from negative energy.
   rCorr:     It protects you from acid and corrosion.
   Will:      It increases your willpower.
 U - the +1 cloak "Capar" {-Tele Harm rCorr Str-2}
   (You found it in the Dungeon)

   Str:       It affects your strength (-2).
   -Tele:     It prevents most forms of teleportation.
   rCorr:     It protects you from acid and corrosion.
   Harm:      It increases damage dealt and taken.
 X - a +2 pair of gloves of stealth (worn)
Jewellery
 D - a ring of flight
 E - a +6 ring of dexterity
 F - a +6 ring of dexterity
 G - a +6 ring of intelligence
 H - a +6 ring of intelligence
 I - a +6 ring of strength (left hand)
 J - a +6 ring of strength (right hand)
 O - an amulet of guardian spirit (around neck)
 S - the ring of the Sun {Int+4 Dex+6}
   (You found it in the Dungeon)

   [ring of dexterity]

   Int:       It affects your intelligence (+4).
   Dex:       It affects your dexterity (+6).
 T - the amulet of Ninonur {Spirit rElec rC+ Str-5}
   (You found it in the Dungeon)

   [amulet of guardian spirit]

   It causes incoming damage to be divided between your reserves of health and
   magic.
   Str:       It affects your strength (-5).
   rC:        It protects you from cold.
   rElec:     It insulates you from electricity.
 Z - an amulet of the acrobat
Wands
 y - a wand of mindburst (7)
 C - a wand of light (7)
Scrolls
 j - 4 scrolls of blinking
 t - 4 scrolls of amnesia
 u - 7 scrolls of fog
 v - 5 scrolls of identify
 w - 2 scrolls of fear
 R - 2 scrolls of enchant armour
Potions
 d - 6 potions of might
 e - 10 potions of curing
 f - 10 potions of heal wounds
 g - 6 potions of haste
 h - 7 potions of magic
 i - 3 potions of berserk rage
 x - 2 potions of brilliance
 z - 2 potions of invisibility
 A - 4 potions of resistance
 B - a potion of experience
Miscellaneous
 K - a lightning rod (3/4)
 P - a piece from Xom's chessboard (15/15)
 Q - a phial of floods (inert)
 V - a lightning rod (3/4)
 W - a piece from Xom's chessboard (15/15)
 Y - a phantom mirror (inert)


   Skills:
 + Level 13.9 Fighting
 + Level 19.8 Axes
 + Level 11.2 Armour
 + Level 0.1 Dodging
 + Level 15.3 Shields


You had 9 spell levels left.
You didn't know any spells.
Your spell library contained the following spells:

 Spells                   Type           Power      Damage    Failure   Level
 Sublimation of Blood     Necr           0%         N/A       99%         2
 Call Canine Familiar     Summ           0%         N/A       100%        3
 Dazzling Flash           Conj/Hex       0%         N/A       100%        3
 Inner Flame              Hex/Fire       0%         N/A       100%        3
 Portal Projectile        Hex/Tloc       0%         N/A       100%        3
 Airstrike                Air            0%         2d(0-16)  100%        4
 Flame Wave               Conj/Fire      0%         2d4       100%        4
 Leda's Liquefaction      Hex/Erth       0%         N/A       100%        4
 Passage of Golubria      Tloc           0%         N/A       100%        4
 Petrify                  Tmut/Erth      0%         N/A       100%        4
 Sticky Flame             Conj/Fire      0%         2d3       100%        4
 Summon Lightning Spire   Summ/Air       0%         N/A       100%        4
 Agony                    Necr           0%         N/A       100%        5
 Irradiate                Conj/Tmut      0%         3d11      100%        5
 Lightning Bolt           Conj/Air       0%         1d11      100%        5
 Silence                  Hex/Air        0%         N/A       100%        5
 Lehudib's Crystal Spear  Conj/Erth      0%         10d2      100%        8


Dungeon Overview and Level Annotations

Branches:
Dungeon (1/1)

Altars:
Ashenzari
Cheibriados
Dithmenos
Elyvilon
Fedhas
Gozag
Hepliaklqana
Kikubaaqudgha
Makhleb
Nemelex Xobeh
Okawaru
Qazlal
Ru
Sif Muna
Trog
Uskayaw
Vehumet
Wu Jian
Xom
Yredelemnul
Zin
The Shining One
Beogh
Jiyva
Lugonu

Annotations:
D 1 transporter


Message History

The ushabti hits your sixfirhy!!
Your sixfirhy dies!
Your sixfirhy disappears in a puff of smoke!
You block the phantasmal warrior's attack.
SHROANNG!
Your rust devil hits the mummy!
Your rust devil corrodes the mummy!
Aim the phial where?
Press: ? - help, Q - select action, (/) - cycle Shift-Dir - straight line, f - phantasmal warrior
Aim: a phantasmal warrior (summoned)
The torrent of water hits the mummy!
You destroy the mummy!
Beogh accepts your kill.
The wave splashes down.
You are engulfed in dark miasma.
You are lethally poisoned!
* * * LOW HITPOINT WARNING * * *
x2 You feel extremely sick.
The flayed ghost cries, "Feel what I felt!"
Terrible wounds open up all over your body!
* * * LOW HITPOINT WARNING * * *
The mummy priest mumbles some strange prayers to its god.
Your chaos spawn hits the phantasmal warrior!
Your chaos spawn sears the phantasmal warrior!
You block the phantasmal warrior's attack.
PANG!
Your rust devil hits the ushabti.
Your rust devil corrodes the ushabti!
The flayed ghost cries, "Feel what I felt!"
Terrible wounds spread across more of your body!
* * * LOW HITPOINT WARNING * * *
You cannot move away from the phantasmal warrior!
Aiming: Phantom Mirror
Press: ? - help, Q - select action, (/) - cycle Dir - move target, f/p - phantasmal warrior
Aim: a phantasmal warrior (summoned)
You reflect the phantasmal warrior with the mirror!
The mirror clouds!
Visions of slaying the ice devil flood into your mind.
You are engulfed in dark miasma.
You are more poisoned.
* * * LOW HITPOINT WARNING * * *
You die...

▓....©....▓...©...▓
▓▓▓▓▓▓▓▓▓▓▓▓▓▓▓▓▓▓▓▓▓
▓...8©8...▓o..8©8...▓
▓..)|:|:..▓..[)})oo.▓
▓..)=[|[..▓...=o.=..▓
▓.....W...▓o..o.....▓
▓...MWZZ..▓.....oo..▓
▓..394WW..▓.........▓
▓...4@4...▓........o▓
▓....○....▓.▓.....▓.▓
▓.▓.....▓.▓....©....▓
▓....©....▓▓▓▓▓▓▓▓▓▓▓
▓▓▓▓▓▓▓▓▓▓▓


You could see a mummy priest, a flayed ghost (summoned), a sun demon (summoned),
2 phantasmal warriors, an ushabti (corroded, ally target), an ice devil
(summoned, mesmerising), a bat simulacrum (summoned, ally target), a ball python
zombie, a friendly phantasmal warrior (summoned, drained), a friendly rust devil
(summoned) and a friendly chaos spawn (summoned).

Vanquished Creatures
  A dancing weapon (D)
  2 deep elf knights (D)
  A cane toad (D)
  A komodo dragon (D)
  A hornet (shapeshifter) (D)
  A jumping spider (D)
  A flying skull (D)
  An ushabti (D)
  A water elemental (D)
  3 basilisks (D)
  2 fire elementals (D)
  3 water moccasins (D)
  2 ice beasts (shapeshifter) (D)
  2 wolves (D)
  2 ogres (D)
  2 bullfrogs (D)
  3 scorpions (D)
  2 iguanas (D)
  2 mummies (D)
  3 adders (D)
  3 river rats (D)
  A shadow imp (D)
  A white imp (D)
  A jackal (D)
  A ball python zombie (D)
43 creatures vanquished.

Vanquished Creatures (collateral kills)
  A deep elf archer (D)
  A deep elf zephyrmancer (D)
  A guardian mummy (D)
  A raiju (D)
  A crimson imp (D)
  A shadow imp (D)
  2 ufetubi (D)
  An adder skeleton (D)
9 creatures vanquished.

Grand Total: 52 creatures vanquished

Notes
Turn   | Place    | Note
-------+----------+-------------------------------------------
     0 | D        | sircluck the Hill Orc Fighter began the quest for the Orb.
     0 | D        | Reached XP level 1. HP: 19/19 MP: 1/1
    13 | D        | Found a blossoming altar of Fedhas.
    13 | D        | Found the +6 Majin-Bo {spellvamp, MP+6 Int+6}
    13 | D        | Found the +27 heavy crossbow "Sniper" {heavy, Acc+∞ SInv}
    13 | D        | Found the +10 dark maul {heavy}
    13 | D        | Found the +15 Maxwell's patent armour {-Cast -Tele rElec
                  | Will+ rCorr}
    13 | D        | Found the +18 shield of the Gong {Loud rN+ Will+ rCorr
                  | EV-5}
    13 | D        | Found the +16 obsidian axe {drain, demonic, Mesm Drain Fly
                  | SInv}
    13 | D        | Found the +7 great mace "Firestarter" {flame, inner flame,
                  | rFlCloud rF++}
    13 | D        | Found the +6 shillelagh "Devastator" {shatter}
    13 | D        | Found the +11 plutonium sword {Contam Stlth-}
    13 | D        | Found the +8 lance "Wyrmbane" {slay drac, rPois rF+ rC+
                  | AC+3}
    13 | D        | Found the +9 sword of Zonguldrok {reap}
    13 | D        | Found the +13 scythe of Curses {drain, curses, Drain}
    13 | D        | Found the +9 sword of Power {lifebolt}
    13 | D        | Found the +7 mace of Variability {chaos, chain chaos}
    13 | D        | Found the +11 Singing Sword {sonic wave}
    13 | D        | Found the +8 storm bow {elec, penet}
    25 | D        | Found a viscous altar of Jiyva.
    25 | D        | Found a hazy altar of Hepliaklqana.
    25 | D        | Found a transporter.
    25 | D        | Found an opulent altar of Gozag.
    25 | D        | Found an ancient bone altar of Kikubaaqudgha.
    25 | D        | Found a corrupted altar of Lugonu.
    43 | D        | Found a burning altar of Makhleb.
    44 | D        | Found a sacrificial altar of Ru.
    44 | D        | Found a stormy altar of Qazlal.
    44 | D        | Found a shimmering blue altar of Sif Muna.
    44 | D        | Found an iron altar of Okawaru.
    44 | D        | Found a bloodstained altar of Trog.
    44 | D        | Found a sparkling altar of Nemelex Xobeh.
    95 | D        | Entered arena 2.
    95 | D        | Noticed an ogre
    95 | D        | Noticed an ogre
    95 | D        | Found a transporter.
    98 | D        | Killed an ogre
    99 | D        | Reached skill level 4 in Axes
    99 | D        | Reached skill level 5 in Armour
    99 | D        | Reached XP level 2. HP: 11/31 MP: 2/2
    99 | D        | Reached XP level 3. HP: 13/38 MP: 3/3
    99 | D        | Reached XP level 4. HP: 16/45 MP: 4/4
    99 | D        | Killed an ogre
   100 | D        | Reached skill level 5 in Axes
   100 | D        | Reached XP level 5. HP: 19/53 MP: 5/5
   219 | D        | Entered arena 3.
   219 | D        | Noticed an ice beast
   219 | D        | Noticed a hornet
   219 | D        | Noticed an ice beast
   219 | D        | Found a transporter.
   222 | D        | Killed a hornet
   223 | D        | Reached skill level 6 in Axes
   223 | D        | Reached XP level 6. HP: 64/64 MP: 6/6
   224 | D        | Killed an ice beast
   225 | D        | Reached skill level 10 in Fighting
   225 | D        | Reached skill level 7 in Axes
   225 | D        | Reached XP level 7. HP: 72/72 MP: 7/7
   228 | D        | Reached skill level 8 in Axes
   239 | D        | Entered arena 4.
   239 | D        | Noticed a jumping spider
   239 | D        | Found a transporter.
   244 | D        | Reached skill level 10 in Shields
   245 | D        | Reached skill level 9 in Axes
   247 | D        | Killed a jumping spider
   248 | D        | Reached skill level 10 in Axes
   248 | D        | Reached skill level 10 in Armour
   248 | D        | Reached XP level 8. HP: 82/82 MP: 8/8
   257 | D        | Entered arena 5.
   257 | D        | Found a transporter.
   275 | D        | Entered arena 6.
   275 | D        | Found a transporter.
   280 | D        | Reached skill level 11 in Axes
   287 | D        | Got the ring of the Sun {Int+4 Dex+6}
   290 | D        | Entered arena 7.
   290 | D        | Noticed a cane toad
   291 | D        | Found a transporter.
   296 | D        | Reached skill level 12 in Axes
   296 | D        | Killed a cane toad
   297 | D        | Reached skill level 13 in Axes
   299 | D        | Reached XP level 9. HP: 90/90 MP: 9/9
   306 | D        | Got the amulet of Ninonur {Spirit rElec rC+ Str-5}
   314 | D        | Entered arena 8.
   314 | D        | Noticed a komodo dragon
   315 | D        | Found a transporter.
   320 | D        | Reached skill level 14 in Axes
   324 | D        | Killed a komodo dragon
   325 | D        | Reached skill level 15 in Axes
   332 | D        | Got the +1 cloak "Capar" {-Tele Harm rCorr Str-2}
   351 | D        | Entered arena 9.
   352 | D        | Found a transporter.
   365 | D        | Reached skill level 16 in Axes
   380 | D        | Entered arena 10.
   380 | D        | Noticed a deep elf knight
   380 | D        | Noticed a +1 flail of protection
   380 | D        | Noticed a deep elf archer
   380 | D        | Noticed a deep elf zephyrmancer
   380 | D        | Noticed a deep elf knight
   381 | D        | Found a transporter.
   384 | D        | Killed a deep elf archer
   385 | D        | Reached skill level 17 in Axes
   385 | D        | Reached XP level 10. HP: 86/101 MP: 10/10
   386 | D        | Killed a +1 flail of protection
   387 | D        | Reached skill level 18 in Axes
   392 | D        | Killed a deep elf knight
   393 | D        | Killed a deep elf zephyrmancer
   397 | D        | Killed a deep elf knight
   398 | D        | Reached skill level 19 in Axes
   398 | D        | Reached skill level 15 in Shields
   444 | D        | Entered arena 11.
   445 | D        | Became a worshipper of Beogh the Brigand
   446 | D        | Found a transporter.
   467 | D        | Entered arena 12.
   468 | D        | Noticed a mummy priest
   469 | D        | Found a transporter.
   472 | D        | Reached * piety under Beogh
   473 | D        | Noticed a phantasmal warrior
   473 | D        | Noticed a jiangshi
   475 | D        | Reached ** piety under Beogh
   476 | D        | Noticed a phantasmal warrior
   476 | D        | Noticed a flayed ghost
   479 | D        | Noticed a sun demon
   479 | D        | Succumbed to an ushabti's dark miasma

Illustrated notes

Levels and vault maps discovered:
D:        sprint_v [room_start, room_1, room_2, room_3, room_4, room_5, room_6,
          room_7, room_8, room_9, room_10, room_11, room_12, room_13, room_14,
          room_15, room_16, room_17, room_18, room_19, room_20, room_21,
          room_22, room_23, room_24, room_25, room_26, room_27]

Skill      XL: |  1  2  3  4  5  6  7  8  9 10 |
---------------+-------------------------------+-----
Fighting       | 6 7 9 10 11 12 13 | 13.9
Axes           | 4 5 6 7 10 13 17 19 | 19.8
Armour         | 5 7 8 9 10 11 | 11.2
Shields        | 6 7 9 10 12 13 15 | 15.3
Dodging        | |  0.1

Action                     |  1- 3 |  4- 6 |  7- 9 | 10-12 || total
---------------------------+-------+-------+-------+-------++-------
  Melee: Broad axe         |     2 |     5 |    43 |    17 ||    67
 Invoke: Convert to Beogh  |       |       |       |     1 ||     1
  Evoke: Lightning rod     |       |       |       |     1 ||     1
         Phial of floods   |       |       |       |     1 ||     1
         Phantom mirror    |       |       |       |     1 ||     1
    Use: Scroll            |       |       |       |     2 ||     2
   Stab: Distracted        |       |       |       |     1 ||     1
 Armour: Plate armour      |       |     2 |    23 |     5 ||    30
  Dodge: Dodged            |       |       |     1 |     2 ||     3
  Block: Kite shield       |     4 |     8 |    64 |    20 ||    96

Table legend: (Time is in decaauts)
 A = Elapsed time spent in this place.
 B = Non-inter-level travel time spent in this place.
 C = Inter-level travel time spent in this place.
 D = Time resting spent in this place.
 E = Time spent auto-exploring this place.
 F = Levels seen in this place.
 G = Mean time per level.
                   A        B        C        D        E       F      G
               +--------+--------+--------+--------+--------+-----+--------+
         Total |    483 |    479 |      4 |    111 |      2 |   1 |  483.0 |
       Dungeon |    483 |    479 |      4 |    111 |      2 |   1 |  483.0 |
               +--------+--------+--------+--------+--------+-----+--------+

Top non-repeatable levels by time:
       D: 483 daAuts
